 Dungeon Crawl Stone Soup version 0.20-a0-947-g2784f4f (webtiles) character file.

297 useraccount the Shield-Bearer (level 6, 0/49 HPs)
             Began as a Formicid Fighter on Apr 2, 2017.
             Slain by a quasit (1 damage)
             ... summoned by Eustachio
             ... on level 4 of the Dungeon.
             The game lasted 00:01:58 (2777 turns).

useraccount the Shield-Bearer (Formicid Fighter)    Turns: 2777, Time: 00:01:59

Health: 0/49       AC:  8    Str: 23    XL:     6   Next: 62%
Magic:  15/15      EV:  9    Int:  7    God:
Gold:   226        SH: 10    Dex: 10    Spells: 5/5 levels left

rFire    . . .     SeeInvis +   a - +0 war axe
rCold    + . .     Gourm    .   c - +0 shield
rNeg     . . .     Faith    .   u - +3 ring mail {rC+}
rPois    .         Spirit   .   (helmet unavailable)
rElec    .         Reflect  .   (no cloak)
rCorr    .         Harm     .   (no gloves)
MR       .....                  (no boots)
Stlth    ..........             (no amulet)
Regen    0.2/turn               y - ring of magical power
MPRegen  0.2/turn               (no ring)

@: no status effects
A: permanent stasis, dig shafts and tunnels, four strong arms, antennae 3
a: Dig, Shaft Self


You were on level 4 of the Dungeon.
You were hungry.

You visited 1 branch of the dungeon, and saw 4 of its levels.

You collected 226 gold pieces.

Inventory:

Hand Weapons
 a - a +0 war axe (weapon)
Armour
 c - a +0 shield (worn)
 u - a +3 ring mail of cold resistance (worn)
Jewellery
 y - a ring of magical power (left hand)
 D - a cursed ring of loudness {unknown}
Wands
 t - a wand of polymorph (5/24)
Scrolls
 b - a scroll of random uselessness {unknown}
 e - a scroll of amnesia {unknown}
 h - a scroll of enchant armour {unknown}
 j - 2 scrolls of recharging {unknown}
 k - 6 scrolls of identify {unknown}
 l - a scroll of enchant weapon {unknown}
 m - 2 scrolls of remove curse {unknown}
 v - 3 scrolls of fear {unknown}
 w - 4 scrolls of teleportation {unknown}
 C - a scroll of immolation {unknown}
 E - a scroll of magic mapping {unknown}
Potions
 d - 2 potions of might
 i - a potion of berserk rage {unknown}
 n - a potion of degeneration {unknown}
 o - a potion of brilliance {unknown}
 p - 2 potions of curing {unknown}
 r - a potion of cancellation {unknown}
 s - a potion of lignification {unknown}
 z - a potion of ambrosia {unknown}
 A - 2 potions of magic {unknown}
Comestibles
 f - 6 bread rations
 g - 3 royal jellies
 q - 2 meat rations
 x - 3 fruits


   Skills:
 + Level 4.4 Fighting
 * Level 4.1 Axes
 + Level 4.3 Armour
 + Level 1.5 Dodging
 + Level 4.7 Shields


You had 5 spell levels left.
You didn't know any spells.

Dungeon Overview and Level Annotations

Branches:
Dungeon (4/15)
 Temple: D:4-7

Altars:
Fedhas

Annotations:
D:4 Eustachio


Innate Abilities, Weirdness & Mutations

You cannot be hasted, slowed, berserked, paralysed or teleported.
You can dig through walls and to a lower floor.
Your four strong arms can wield two-handed weapons with a shield.
You have a pair of large antennae on your head. (SInv)


Message History

The quasit claws you but does no damage.
The quasit barely misses you.
All of the chunks of flesh in your inventory have rotted away.
You extend your mandibles.
You dig through the rock wall.
You are feeling hungry.
The quasit bites you but does no damage.
The quasit barely misses you.
The quasit claws you but does no damage.
You block the quasit's attack. x2; The quasit barely misses you.
You dig through the rock wall.
You block the quasit's attack. The quasit claws you.
* * * LOW HITPOINT WARNING * * *
You block the quasit's attack.
You dig through the rock wall.
The white imp gestures at you. The puff of frost hits you! You resist.
You retract your mandibles.
Eustachio hits you but does no damage. The white imp closely misses you.
The quasit bites you.
You die...

##....# ## ####.###
##. ######.... #
###..## #.........
..#.....##
##.######..
.........#######..#
#..
...)....?........##
#..
..........########
#.. .........@5##
#.. ........@5#.#
#.. .........5.##
#.. ..........##
### .........##
..#.....##
#########


You could see Eustachio, a quasit, a white imp and a shadow imp.

Vanquished Creatures
  2 hounds (D:4)
  A centaur skeleton (D:4)
  A bullfrog skeleton (D:4)
  Ijyb (D:3)
  2 worker ants (D:4)
  3 adders
  2 worms
  4 dart slugs
  A leopard gecko (D:3)
  4 orcs (D:3)
  9 bats
  2 giant cockroaches
  5 goblins
  5 hobgoblins
  2 quokkas
  A ball python (D:2)
  10 frilled lizards
  7 kobolds
  A leopard gecko zombie (D:4)
  8 rats
71 creatures vanquished.

Notes
Turn   | Place    | Note
-------+----------+-------------------------------------------
     0 | D:1      | useraccount the Formicid Fighter began the quest for the Orb.
     0 | D:1      | Reached XP level 1. HP: 18/18 MP: 1/1
    81 | D:1      | Reached XP level 2. HP: 14/24 MP: 2/2
   633 | D:2      | Reached XP level 3. HP: 22/29 MP: 3/3
  1230 | D:2      | Reached XP level 4. HP: 32/35 MP: 4/4
  1489 | D:3      | Noticed Ijyb
  1497 | D:3      | Killed Ijyb
  1765 | D:3      | Reached XP level 5. HP: 39/42 MP: 5/5
  1770 | D:3      | Reached skill level 1 in Dodging
  2482 | D:4      | Reached XP level 6. HP: 48/48 MP: 6/6
  2503 | D:4      | Found a blossoming altar of Fedhas.
  2748 | D:4      | Noticed Eustachio
  2771 | D:4      | HP: 1/49 [shadow imp[Eustachio] (3)]
  2777 | D:4      | Slain by a quasit

Vault maps used:
D:1:      dpeg_arrival_tiny_i, st_stairs_4, grunt_decor_one_mirror
D:2:      minmay_diamond_boxcup, first_bread, kennysheep_generic_room_11
D:3:      uniq_iyjb
D:4:      lemuel_doored_altar, kennysheep_mini, nicolae_ru_the_path_less_chosen,
          uniq_eustachio

Skill      XL: |  1  2  3  4  5  6 |
---------------+-------------------+-----
Axes           | 3 4 |  4.1
Shields        | 4 |  4.7
Dodging        | 1 |  1.5
Armour         | 4 |  4.3
Fighting       | 4 |  4.4

Action                   |  1- 3 |  4- 6 || total
-------------------------+-------+-------++-------
Melee: War axe           |    78 |   172 ||   250
 Abil: Dig               |       |     1 ||     1
  Eat: Chunk             |       |     6 ||     6
Armor: Scale mail        |    41 |    25 ||    66
       Ring mail         |       |    63 ||    63
       Skin              |       |     3 ||     3
Dodge: Dodged            |    25 |    77 ||   102
Block: Shield            |    43 |   138 ||   181
